 Dungeon Crawl Stone Soup version 0.28.0-53-g5a82cb258f (webtiles) character file.

Game seed: 17127834215792605347

280 LynnLen the Sneak (level 6, -5/41 HPs)
             Began as a Vampire Enchanter on Aug 3, 2022.
             Slain by a scorpion (8 damage)
             ... on level 6 of the Dungeon.
             The game lasted 00:05:54 (2598 turns).

LynnLen the Sneak (Vampire Enchanter)               Turns: 2598, Time: 00:05:55

Health: -5/41      AC:  4    Str: 13    XL:     6   Next: 5%
Magic:  3/9        EV: 13    Int: 17    God:
Gold:   191        SH:  0    Dex: 17    Spells: 1/9 levels left

rFire   . . .      SeeInvis +   h - +7 dagger "Killer Klown's Bane" {venom, rElec rN+ Will- SInv}
rCold   . . .      Faith    .   (no shield)
rNeg    + . .      Spirit   .   n - +2 robe "Ysubiech" {Str+6}
rPois   .          Reflect  .   (no helmet)
rElec   +          Harm     .   (no cloak)
rCorr   .          Rampage  .   (no gloves)
Will    .....                   (no boots)
Stlth   ++++......              (no amulet)
HPRegen 0.33/turn               (no ring)
MPRegen 0.11/turn               (no ring)

@: confusing by touch, healing quickly
A: alive, fangs 3, see invisible, vampiric 2
a: Exsanguinate


You were on level 6 of the Dungeon.
You visited 1 branch of the dungeon, and saw 4 of its levels.

You collected 191 gold pieces.

Inventory:

Hand Weapons
 a - a +1 dagger
 h - the +7 dagger "Killer Klown's Bane" (weapon) {venom, rElec rN+ Will- SInv}
   (You found it on level 2 of the Dungeon)

   It poisons the flesh of those it strikes.
   rElec:     It insulates you from electricity.
   rN:        It protects you from negative energy.
   SInv:      It lets you see invisible.
   Will:      It decreases your willpower.
 q - a +2 hunting sling of freezing
Missiles
 j - 15 sling bullets
Armour
 b - a +0 robe
 n - the +2 robe "Ysubiech" (worn) {Str+6}
   (You found it on level 2 of the Dungeon)

   Str:       It affects your strength (+6).
Jewellery
 d - a ring of protection from fire
Scrolls
 c - a scroll of magic mapping {unknown}
 o - a scroll of teleportation
Potions
 e - 2 potions of brilliance
 g - 2 potions of flight
 i - a potion of degeneration {unknown}
 k - a potion of berserk rage {unknown}
 l - a potion of attraction {unknown}
 m - a potion of cancellation {unknown}
 p - a potion of mutation {unknown}


   Skills:
 * Level 4.2 Short Blades
 + Level 3.2 Dodging
 + Level 7.9 Stealth
 - Level 2.0 Spellcasting
 - Level 4.4 Hexes


You had one spell level left.
You knew the following spells:

 Your Spells              Type           Power      Damage    Failure   Level
a - Confusing Touch       Hex            16%        N/A       10%         3
b - Tukima's Dance        Hex            16%        N/A       10%         3
c - Ensorcelled Hibernat  Hex/Ice        18%        N/A       12%         2

Your spell library contained the following spells:

 Spells                   Type           Power      Damage    Failure   Level
 Dazzling Flash           Conj/Hex       18%        N/A       24%         3
 Chain Lightning          Conj/Air       0%         2d1       100%        9
 Fire Storm               Conj/Fire      0%         6d1       100%        9
 Shatter                  Erth           0%         3d5*      100%        9


Dungeon Overview and Level Annotations

Branches:
Dungeon (3/15)

Altars:


Innate Abilities, Weirdness & Mutations

Your natural rate of healing is accelerated.
You have razor-sharp teeth.
You have supernaturally acute eyesight. (SInv)
You are afflicted with vampirism and can become a bat while bloodless.


Message History

There is a stone staircase leading down here.
You hear a distant slurping noise.
Found 14 gold pieces.
You now have 191 gold pieces (gained 14).
Found 8 bolts.
An iguana and a scorpion come into view.
The iguana hisses angrily.
The iguana bites you!
You hit the iguana. You bite the iguana.
The iguana is moderately wounded.
The iguana bites you!
Casting: Confusing Touch (quite dangerous; 10% risk of failure)
Confirm with . or Enter, or press ? or * to list all spells.
The spell is quite dangerous to miscast (10% risk of failure)!
Continue anyway?
Your hands begin to glow red.
The iguana bites you!
* * * LOW HITPOINT WARNING * * *
You hit the iguana but do no damage.
The iguana is moderately wounded.
The iguana misses you.
You closely miss the iguana. You bite the iguana, but do no damage.
The iguana is moderately wounded.
You hit the iguana but do no damage.
The iguana appears confused.
You bite the iguana, but do no damage.
The iguana is moderately wounded.
You feel better. The iguana barely misses you.
You feel better.
The iguana barely misses the scorpion.
You hit the iguana but do no damage.
The iguana is poisoned.
The iguana is moderately wounded.
The iguana bites you!
* * * LOW HITPOINT WARNING * * *
You catch the helpless iguana completely off-guard!
You impale the iguana!!
You kill the iguana!
You have reached level 6!
Casting: Confusing Touch (dangerous; 10% risk of failure)
Confirm with . or Enter, or press ? or * to list all spells.
Your hands begin to glow red.
The scorpion stings you.
* * * LOW HITPOINT WARNING * * *
You barely miss the scorpion. The scorpion stings you!
You die...

....# #.# #.#
##### #.# #.# #.#
#.# #. #.# # #.#
#.#### #.# #..(.#
#.#
#######.######.###
..........s@.....#
#######.##########
#.# #.# #s# #.#
#'# ...


You could see a scorpion.

Vanquished Creatures
  An ogre (D:2)
  A hound (D:6)
  An iguana (D:6)
  A bullfrog skeleton (D:6)
  An orc wizard (D:6)
  3 adders
  A worm (D:2)
  3 dart slugs (D:2)
  5 orcs
  3 ball pythons
  2 bats
  3 endoplasms
  3 giant cockroaches
  6 goblins
  4 hobgoblins
  3 jackals (D:1)
  3 kobolds
  A quokka (D:1)
  A frilled lizard (D:1)
  3 rats
49 creatures vanquished.

Notes
Turn   | Place    | Note
-------+----------+-------------------------------------------
     0 | D:1      | LynnLen the Vampire Enchanter began the quest for the Orb.
     0 | D:1      | Reached XP level 1. HP: 13/13 MP: 3/3
   219 | D:1      | Reached XP level 2. HP: 19/19 MP: 5/5
   267 | D:1      | Reached skill level 5 in Stealth
  1148 | D:2      | Identified the +7 dagger "Killer Klown's Bane" {venom,
                  | rElec rN+ Will- SInv}
  1177 | D:2      | Gained mutation: You are afflicted with vampirism and can
                  | become a bat while bloodless. [Vampire growth]
  1177 | D:2      | Reached XP level 3. HP: 24/24 MP: 6/6
  1183 | D:2      | Learned a level 3 spell: Confusing Touch
  1187 | D:2      | Learned a level 3 spell: Tukima's Dance
  1308 | D:2      | Identified the +2 robe "Ysubiech" {Str+6}
  1537 | D:2      | Found a faded altar of an unknown god.
  1855 | D:2      | Noticed an ogre
  1861 | D:2      | Killed an ogre
  1862 | D:2      | Reached skill level 6 in Stealth
  1862 | D:2      | Reached XP level 4. HP: 22/30 MP: 7/7
  1862 | D:2      | Reached XP level 5. HP: 26/35 MP: 8/8
  2015 | D:2      | Learned a level 2 spell: Ensorcelled Hibernation
  2219 | D:3      | Reached skill level 7 in Stealth
  2461 | D:3      | You fall into a shaft and drop 3 floors!
  2589 | D:6      | HP: 1/35 [iguana (12)]
  2597 | D:6      | Reached XP level 6. HP: 5/41 MP: 5/9
  2598 | D:6      | Slain by a scorpion

Illustrated notes

Levels and vault maps discovered:
D:1:      minmay_arrival_nine_rooms, layout_basic
D:2:      layout_loops_ring, shapermc_ecumenical_altar_pompeii
D:3:      layout_basic
D:6:      layout_basic

Skill      XL: |  1  2  3  4  5 |
---------------+----------------+-----
Stealth        | 5 6 7 |  7.9
Short Blades   | 2 3 4 |  4.2
Dodging        | 3 |  3.2
Spellcasting   | |  2.0
Hexes          | |  4.4

Action                   |  1- 3 |  4- 6 || total
-------------------------+-------+-------++-------
Melee: Dagger            |    82 |    37 ||   119
       Bite              |     7 |     3 ||    10
       Punch             |     1 |       ||     1
 Cast: Confusing Touch   |       |     3 ||     3
  Use: Scroll            |     1 |     4 ||     5
       Potion            |     1 |     2 ||     3
 Stab: Sleeping          |    11 |     4 ||    15
       Invisible         |     2 |       ||     2
       Confused          |       |     2 ||     2
Armor: Robe              |    11 |     6 ||    17
Dodge: Dodged            |    39 |    11 ||    50
